 Dungeon Crawl Stone Soup version 0.18-a0-965-g9200175 (webtiles) character file.

84 MaterialSchas the Slasher (level 4, 35/35 HPs)
             Began as a Demonspawn Fighter on Jan 1, 2016.
             Quit the game on level 3 of the Dungeon.
             The game lasted 00:06:06 (1906 turns).

MaterialSchas the Slasher (Demonspawn Fighter)      Turns: 1906, Time: 00:06:06

Health: 35/35      AC: 11    Str: 18    XL:     4   Next: 23%
Magic:  4/4        EV:  4    Int:  9    God:
Gold:   67         SH: 11    Dex: 12    Spells: 0 memorised, 3 levels left

rFire  . . .     SeeInvis .     a - +0 long sword
rCold  . . .     Gourm    .     s - +0 chain mail
rNeg   . . .     Faith    .     c - +0 shield
rPois  .         Spirit   .     (helmet restricted)
rElec  .         Dismiss  .     (no cloak)
rCorr  .         Reflect  +     (no gloves)
SustAt .         Harm     .     p - +1 pair of boots
MR     .....                    e - +3 amulet of reflection
Stlth  ..........               (no ring)
                                (no ring)

@: not resistant to hostile enchantments, extremely unstealthy
A: antennae 1, talons 1, rot immunity
a: no special abilities


You were on level 3 of the Dungeon.
You were not hungry.

You visited 1 branch of the dungeon, and saw 3 of its levels.

You collected 67 gold pieces.

Inventory:

Hand Weapons
 a - a +0 long sword (weapon)
Armour
 b - a +0 scale mail
 c - a +0 shield (worn)
 p - a +1 pair of boots (worn)
 s - a +0 chain mail (worn)
Jewellery
 e - a +3 amulet of reflection (around neck)
 o - an uncursed amulet of rage
Scrolls
 i - a scroll of teleportation
 n - a scroll of blinking {unknown}
 r - 3 scrolls of remove curse
 u - a scroll of amnesia {unknown}
 v - a scroll of identify
Potions
 d - a potion of might
 g - a potion of flight
 j - 2 potions of brilliance
 k - a potion of lignification
 l - 2 potions of invisibility {unknown}
 m - a potion of haste
 q - 2 potions of heal wounds {unknown}
 t - 2 potions of curing {unknown}
Comestibles
 f - 2 bread rations
 h - a royal jelly
 w - 2 chunks of flesh


   Skills:
 - Level 3.0 Fighting
 * Level 4.1 Long Blades
 - Level 2.6 Armour
 - Level 2.6 Shields


You had 3 spell levels left.
You didn't know any spells.

Dungeon Overview and Level Annotations

Branches:
Dungeon (3/15)

Altars:
Qazlal


Innate Abilities, Weirdness & Mutations

You have a pair of small antennae on your head.
You have sharp toenails.
You are immune to rotting.


Message History

The worker ant twitches its antennae in your direction.
You closely miss the worker ant. You block the worker ant's attack.
You closely miss the worker ant. You block the worker ant's attack.
You block the worker ant's attack.
You hit the worker ant.
The worker ant is moderately wounded.
You block the worker ant's attack.
You slash the worker ant!
The worker ant is severely wounded.
You block the worker ant's attack. x2
You slash the worker ant!
You kill the worker ant!
Your Long Blades skill increases to level 4!
You have reached level 4!
You feel stronger.
Your demonic ancestry asserts itself...
You feel immune to rotting.
You see here a worker ant corpse.
You butcher the worker ant corpse.
w - 2 chunks of flesh Are you sure you want to abandon this character and quit the game? (Confirm with "yes".)

#.# #..#.# #.# #######..#.#
#.# .........#.# #.#
######.##.# ######## #.#
..#####.##[# #....... #..
#..........# #....... #.#
..#####.#### #...####
#.#######.########.####
#..."..@..##..........#
..................###.##.##
###########.###...# #....#.
#.####### #.##.#. #.......#
#.##... #.#####.# #.##.#.
#.# #.# #.##.#.
#.#####.###.##.#.
#................


There were no monsters in sight!

Vanquished Creatures
  A worker ant (D:3)
  A worm (D:3)
  2 giant geckos
  6 bats
  3 giant cockroaches
  5 goblins
  5 hobgoblins
  9 jackals
  6 kobolds
  A quokka (D:3)
  4 giant newts
  11 rats
54 creatures vanquished.

Vanquished Creatures (others)
  A goblin (D:1)
1 creature vanquished.

Grand Total: 55 creatures vanquished

Notes
Turn   | Place    | Note
--------------------------------------------------------------
     0 | D:1      | MaterialSchas the Demonspawn Fighter began the quest for the Orb.
     0 | D:1      | Reached XP level 1. HP: 18/18 MP: 1/1
   110 | D:1      | Gained mutation: You have a pair of small antennae on your head. [demonic ancestry]
   110 | D:1      | Reached XP level 2. HP: 18/24 MP: 2/2
   719 | D:2      | Gained mutation: You have sharp toenails. [demonic ancestry]
   719 | D:2      | Reached XP level 3. HP: 27/29 MP: 3/3
  1697 | D:3      | Noticed an air elemental
  1698 | D:3      | Found a stormy altar of Qazlal.
  1701 | D:3      | Noticed a water elemental
  1701 | D:3      | Noticed an earth elemental
  1701 | D:3      | Noticed a fire elemental
  1774 | D:3      | Found a faded altar to an unknown god.
  1902 | D:3      | Reached skill level 4 in Long Blades
  1902 | D:3      | Gained mutation: You are immune to rotting. [demonic ancestry]
  1902 | D:3      | Reached XP level 4. HP: 35/35 MP: 4/4
  1906 | D:3      | Quit the game

Vault maps used:
D:1:      saegor_arrival_miasma
D:2:      st_stairs_12
D:3:      nicolae_qazlal_style_of_elements, first_bread, ecumenical_altar_1

Action                   |  1- 3 |  4- 6 || total
-------------------------+-------+-------++-------
Melee: Long sword        |   226 |       ||   226
  Use: Scroll            |     7 |       ||     7
  Eat: Chunk             |     4 |       ||     4
